 Dungeon Crawl Stone Soup version 0.31-a0-360-gb3e1d13 (webtiles) character file.

Game seed: 8233873509087795927

1722 lyrin the Gouger (level 8, 34/34 HPs)
             Began as a Felid Shapeshifter on July 26, 2023.
             Was a Follower of Uskayaw.
             Quit the game on level 8 of the Dungeon.
             The game lasted 00:19:01 (10974 turns).

lyrin the Gouger (Felid Shapeshifter)              Turns: 10974, Time: 00:19:01

Health: 34/34      AC:  2    Str: 11    XL:     8   Next: 75%
Magic:  12/12      EV: 24    Int: 13    God:    Uskayaw [*.....]
Gold:   522        SH:  0    Dex: 24    Spells: 7/9 levels left
                                        Lives:  0   Deaths: 3

rFire   + .          .
                       - Unarmed
rCold   x . .        (shield unavailable)
rNeg    . . .        (body armour unavailable)
rPois   .            (helmet unavailable)
rElec   .            (cloak unavailable)
rCorr   .            (gloves unavailable)
SInv    +            (boots unavailable)
Will    +....        (no amulet)
Stlth   +++++        j - ring of fire
HPRegen 0.25/turn    f - +6 ring of dexterity
MPRegen 0.13/turn

%: no passive effects
@: beast-form, studying Unarmed Combat, quick
A: beast (slay +4), very small, claws 1, fangs 3, see invisible, speed 1, shaggy
fur 2, stealthy paws, no weapons or thrown items, no armour, multi-lived
a: Begin Untransformation, Renounce Religion, Stomp


You were on level 8 of the Dungeon.
You worshipped Uskayaw.
Uskayaw was noncommittal.
You were a hulking beast.
You visited 1 branch of the dungeon, and saw 11 of its levels.
You also visited: Bailey.

You collected 522 gold pieces.

Inventory:

Jewellery
 c - a ring of ice
 f - a +6 ring of dexterity (right paw)
 j - a ring of fire (left paw)
 s - a +6 ring of strength
 v - an amulet of faith
 w - a ring of magical power
 x - a ring of ice
Talismans
 b - a beast talisman
Wands
 g - a wand of polymorph (15)
 B - a wand of flame (68)
 C - a wand of paralysis (7)
Scrolls
 d - a scroll of fog {unknown}
 h - a scroll of immolation {unknown}
 i - a scroll of identify
 m - 2 scrolls of fear
 r - a scroll of silence {unknown}
 t - a scroll of noise {unknown}
 u - a scroll of poison {unknown}
 y - a scroll of revelation {unknown}
 A - 2 scrolls of amnesia
Potions
 a - 3 potions of lignification
 e - 3 potions of invisibility
 k - a potion of might
 l - 2 potions of attraction
 n - 3 potions of curing
 o - a potion of enlightenment
 p - a potion of mutation
 q - 2 potions of brilliance
 z - a potion of berserk rage


   Skills:
 + Level 2.7 Fighting
 + Level 7.3 Dodging
 + Level 10.2 Stealth
 + Level 11.6 Unarmed Combat
 * Level 1.3 Spellcasting
 * Level 3.2 Hexes
 * Level 1.4 Ice Magic
 * Level 5.0 Invocations
 + Level 0.3 Evocations
 + Level 6.5 Shapeshifting


You had 7 spell levels left.
You knew the following spells:

 Your Spells              Type           Power      Damage    Failure   Level
a - Ensorcelled Hibernat  Hex/Ice        12%        N/A       16%         2

Your spell library contained the following spells:

 Spells                   Type           Power      Damage    Failure   Level
 Slow                     Hex            36%        N/A       7%          1
 Sting                    Tmut/Pois      0%         1d3       26%         1
 Static Discharge         Conj/Air       0%         2-2/arc   38%         2
 Sublimation of Blood     Necr           0%         N/A       38%         2
 Wereblood                Tmut           0%         N/A       38%         2
 Airstrike                Air            0%         2d(0-16)  95%         4
 Summon Lightning Spire   Summ/Air       0%         N/A       95%         4
 Monstrous Menagerie      Summ           0%         N/A       100%        7
 Summon Hydra             Summ           0%         N/A       100%        7
 Animate Armour           Summ/Erth      Unusable   N/A       N/A         4

Dungeon Overview and Level Annotations

Branches:
Dungeon (11/15)            Temple (0/1) D:6            Lair (0/5) D:9
 Bailey (visited)
    Orc: D:9-12

Altars:
Dithmenos
Gozag
Okawaru
Qazlal
Sif Muna
Trog
Uskayaw
Vehumet
Xom
Yredelemnul
The Shining One

Shops:
D:4 *

Annotations:
D:3 1 exclusion, Sigmund


Innate Abilities, Weirdness & Mutations

You are a hulking beast.
Your limbs bulge with bestial killing power. (Slay +4)
You have sharp claws.
You have razor-sharp teeth.
You have supernaturally acute eyesight. (SInv)
You cover ground quickly. (Speed+)
You are covered in thick fur. (AC +2)
Your paws help you pounce on unaware monsters.
You are incapable of wielding weapons or throwing items.
You cannot wear armour.
You gain extra lives every three experience levels.


Message History

You kill the river rat!
You are too injured to fight recklessly!
There is an empty arch of ancient stone, spattered with blood here.
Things that are here:
a river rat corpse; a hell rat corpse You are too injured to fight recklessly!
You see here a hell rat corpse.
You pick up Sif Muna's Tome of Changing Misfortune and begin reading...
You add the spells Slow and Sting to your library.
You see here the felid corpse of lyrin.
Found 2 stones.
A death yak and a yak come into view.
A yak comes into view.
The yak moves out of view.
There are monsters nearby!
A death yak and a yak come into view.
The death yak bellows!
You see here a potion of lignification.
a - 3 potions of lignification (gained 1)
A yak comes into view.
There is a stone staircase leading up here.
You climb upwards.
There is a stone staircase leading down here.
You climb downwards.
The death yak gores you.
There is a stone staircase leading up here.
Unknown command.
The death yak gores you!
You climb upwards.
There is a stone staircase leading down here.
Unknown command.
The death yak gores you!
* * * LOW HITPOINT WARNING * * *
The death yak gores you!
You die...
Your shape twists and changes as you die.
You are now level 8!
You rejoin the land of the living...
Unknown command.
Unknown command.
Unknown command.
Are you sure you want to abandon this character and quit the game? (Confirm with "yes".)

###### ####### #########
.....###########h....####.......#
.....#....#....#.....#..'.......#
.....#....#....#.....#..#........
.....#....#....'.....#..#.....###
#....#...##....#.....#..#.....#$#
#....#...##....#.....#..#.....###
#....#.........#.....#..#........
#....#.........'.....'..#...[....
#....#.........#.....#..#.......#


There were no monsters in sight!

Vanquished Creatures
  An orc sorcerer (Bailey)
  Maggie (D:8)
  A kobold demonologist (D:10)
  3 trolls
  2 hornets
  A shadow (D:9)
  A wraith (D:10)
  A wyvern (D:7)
  A ynoxinul (D:9)
  Edmund (D:6)
  2 steam dragons
  2 water moccasins
  A black bear (D:6)
  11 orc warriors
  A centaur (D:10)
  A phantom (D:6)
  A kobold brigand (D:8)
  2 bullfrogs
  2 gnoll sergeants
  3 scorpions (D:4)
  5 killer bees
  2 howler monkeys
  2 electric eels (Bailey)
  4 hounds
  5 jellies
  A gnoll bouda (D:8)
  6 orc priests
  5 sleepcaps
  9 orc wizards
  4 iguanas
  6 hell rats (D:9)
  9 adders
  A river rat (D:9)
  19 gnolls
  A shadow imp (D:5)
  2 white imps (D:6)
  An ufetubus (D:6)
  3 worms
  2 dart slugs
  30 orcs
  7 ball pythons
  5 bats
  8 endoplasms
  2 giant cockroaches (D:1)
  13 goblins
  10 hobgoblins
  4 jackals
  6 quokkas
  2 frilled lizards (D:1)
  10 kobolds
  7 rats
230 creatures vanquished.

Notes
Turn   | Place    | Note
-------+----------+-------------------------------------------
     0 | D:1      | lyrin the Felid Shapeshifter began the quest for the Orb.
     0 | D:1      | Reached XP level 1. HP: 9/9 MP: 2/2
   144 | D:1      | Reached XP level 2. HP: 12/12 MP: 3/3
   502 | D:1      | Reached XP level 3. HP: 15/15 MP: 4/4
   790 | D:2      | Reached XP level 4. HP: 16/19 MP: 5/5
   846 | D:2      | Reached skill level 1 in Stealth
  1085 | D:3      | Reached skill level 4 in Unarmed Combat
  1262 | D:3      | Noticed Sigmund
  1306 | D:3      | Reached XP level 5. HP: 15/22 MP: 6/6
  1474 | D:3      | Got Lokkin's Precepts of the Jinx and Invitation
  1924 | D:4      | Found Ved Ryp's General Store.
  1933 | D:4      | Reached skill level 5 in Unarmed Combat
  1933 | D:4      | Gained mutation: You are covered in thick fur. (AC +2)
                  | [Felid growth]
  1933 | D:4      | Reached XP level 6. HP: 25/25 MP: 7/7
  1997 | D:4      | Found a shadowy altar of Dithmenos.
  2280 | D:4      | Found a basalt altar of Yredelemnul.
  2292 | D:4      | Found an iron altar of Okawaru.
  2292 | D:4      | Found a shimmering altar of Xom.
  2306 | D:4      | Found a stormy altar of Qazlal.
  2310 | D:4      | Found a hide-covered altar of Uskayaw.
  2354 | D:4      | Became a worshipper of Uskayaw the Reveller
  2407 | D:5      | Entered Level 5 of the Dungeon
  2425 | D:4      | Reached * piety under Uskayaw
  2433 | D:4      | HP: 1/37 [poisoned by a scorpion]
  2692 | D:5      | Reached ** piety under Uskayaw
  2696 | D:4      | HP: 1/25 [acid (1)]
  2697 | D:4      | Reached *** piety under Uskayaw
  2841 | D:5      | Reached skill level 5 in Shapeshifting
  2947 | D:4      | Reached skill level 6 in Unarmed Combat
  2947 | D:4      | Reached XP level 7. HP: 9/28 MP: 8/8
  3448 | D:4      | Killed from afar by an orc priest
  3449 | D:4      | Reached XP level 6. HP: -6/25 MP: 7/7
  4701 | D:6      | Reached XP level 7. HP: 23/28 MP: 8/8
  5032 | D:6      | Reached skill level 7 in Unarmed Combat
  5208 | D:6      | Found a glowing golden altar of the Shining One.
  5254 | D:6      | Found a staircase to the Ecumenical Temple.
  5273 | D:6      | Noticed Edmund
  5294 | D:6      | Reached **** piety under Uskayaw
  5299 | D:6      | Reached ***** piety under Uskayaw
  5303 | D:6      | Killed Edmund
  5304 | D:6      | Reached skill level 5 in Stealth
  5304 | D:6      | Reached XP level 8. HP: 18/33 MP: 9/9
  5789 | D:6      | Reached skill level 5 in Dodging
  5789 | D:6      | Reached skill level 8 in Unarmed Combat
  5948 | D:7      | You fall into a shaft and drop 3 floors!
  5948 | D:10     | Entered Level 10 of the Dungeon
  6003 | D:10     | Noticed a kobold demonologist
  6007 | D:10     | Killed a kobold demonologist
  6008 | D:10     | Reached skill level 1 in Invocations
  6026 | D:11     | Noticed a hornet
  6578 | D:9      | Reached skill level 9 in Unarmed Combat
  6578 | D:9      | Reached XP level 9. HP: 16/36 MP: 1/11
  6739 | D:8      | Noticed Maggie
  6743 | D:8      | Killed Maggie
  6929 | D:8      | Noticed a troll
  7007 | D:8      | Found a radiant altar of Vehumet.
  7007 | D:8      | Found an opulent altar of Gozag.
  7031 | D:8      | Found a flagged portal.
  7040 | Bailey   | Entered a bailey
  7385 | Bailey   | Noticed an orc sorcerer
  7480 | Bailey   | Noticed a rust devil
  7482 | Bailey   | Killed an orc sorcerer
  7685 | Bailey   | Reached skill level 10 in Unarmed Combat
  7853 | Bailey   | Acquired a manual of Unarmed Combat
  7883 | Bailey   | Noticed an orc knight
  7902 | Bailey   | Found an iron altar of Okawaru.
  7904 | Bailey   | Noticed an orc knight
  7904 | Bailey   | Noticed a kobold demonologist
  7908 | Bailey   | Noticed a hellwing
  8126 | D:8      | Killed a troll
  8420 | D:8      | Reached XP level 10. HP: 23/40 MP: 14/14
  9242 | D:7      | Reached skill level 11 in Unarmed Combat
  9772 | D:9      | Learned a level 2 spell: Ensorcelled Hibernation
 10338 | D:9      | Reached skill level 1 in Hexes
 10486 | D:9      | Found a staircase to the Lair.
 10486 | D:9      | Noticed a death yak
 10499 | D:9      | Reached skill level 10 in Stealth
 10501 | D:9      | Noticed a death yak
 10674 | D:9      | Found a bloodstained altar of Trog.
 10683 | D:9      | Reached skill level 1 in Ice Magic
 10712 | D:9      | Found a shimmering blue altar of Sif Muna.
 10730 | D:9      | Reached skill level 1 in Spellcasting
 10731 | D:9      | Reached skill level 5 in Invocations
 10739 | D:9      | Slain by a troll
 10740 | D:9      | Reached XP level 9. HP: -1/37 MP: 13/13
 10808 | D:9      | Killed a troll
 10939 | D:9      | Got Sif Muna's Tome of Changing Misfortune
 10950 | D:9      | Noticed a death yak
 10973 | D:8      | Mangled by a death yak
 10974 | D:8      | Reached XP level 8. HP: -9/34 MP: 12/12
 10974 | D:8      | Quit the game

Illustrated notes

Levels and vault maps discovered:
D:1:      co_arrival_square_in_a_square_in_a_square, layout_rooms,
          serial_curves, eino_curves_01, eino_curves_02, eino_curves_02,
          eino_curves_02
D:2:      layout_basic
D:3:      layout_rooms, uniq_sigmund
D:4:      layout_cave_pods, minmay_overflow_temple_star_hex,
          nicolae_dithmenos_the_darkroom, serial_shops,
          nicolae_shop_just_a_little_nook
D:5:      layout_basic
D:6:      minmay_recursive_quarters, layout_basic,
          mainiacjoe_overflow_tiny_flanked,
          minmay_temple_entry_drinking_statues, st_stairs_2,
          amcnicky_mini_corridor_feature, uniq_edmund
D:7:      layout_gridville
D:8:      layout_gridville, chequers_temple_overflow_statue_of_worship,
          enter_bailey_2, item_on_display_a, uniq_maggie
D:9:      cheibrodos_two_vegetables, layout_layer_cave,
          nzn_overflow_gifts_of_might_and_magic, dpeg_lair_monsters,
          minmay_misc_feat_columns
D:10:     layout_roguey
D:11:     layout_loops_ring, bh_hangedman_babel_library, uniq_gastronok

Skill      XL: |  1  2  3  4  5  6  7  8  9 10 |
---------------+-------------------------------+-----
Shapeshifting  | 4 5 6 |  6.5
Stealth        | 2 4 5 6 8 10 | 10.2
Dodging        | 3 4 5 6 7 |  7.3
Unarmed Combat | 4 5 6 7 9 10 11 | 11.6
Fighting       | 2 |  2.7
Invocations    | 2 4 5 |  5.0
Hexes          | 3 2 |  3.2
Ice Magic      | 1 |  1.4
Spellcasting   | 1 |  1.3
Evocations     | |  0.3

Action                     |  1- 3 |  4- 6 |  7- 9 | 10-12 || total
---------------------------+-------+-------+-------+-------++-------
  Melee: Unarmed           |    71 |   172 |   173 |   125 ||   541
         Bite              |    11 |    19 |    25 |    19 ||    74
         Punch             |       |     6 |     9 |    11 ||    26
 Invoke: Stomp             |       |     1 |     8 |       ||     9
  Evoke: Wand              |       |       |     3 |       ||     3
    Use: Potion            |       |     1 |     2 |       ||     3
         Scroll            |       |       |     7 |     6 ||    13
   Stab: Sleeping          |     3 |     6 |    15 |     5 ||    29
         Distracted        |       |     3 |     2 |       ||     5
         Paralysed         |       |       |     5 |    14 ||    19
 Armour: Skin              |     3 |     9 |    18 |     6 ||    36
  Dodge: Dodged            |    33 |   133 |   154 |   114 ||   434

Table legend: (Time is in decaauts)
 A = Elapsed time spent in this place.
 B = Non-inter-level travel time spent in this place.
 C = Inter-level travel time spent in this place.
 D = Time resting spent in this place.
 E = Time spent auto-exploring this place.
 F = Levels seen in this place.
 G = Mean time per level.
                   A        B        C        D        E       F      G
               +--------+--------+--------+--------+--------+-----+--------+
         Total |   9639 |   9240 |    399 |   2579 |   4549 |  12 |  803.2 |
       Dungeon |   8737 |   8338 |    399 |   2041 |   4499 |  11 |  794.3 |
        Bailey |    901 |    901 |      0 |    538 |     50 |   1 |  901.0 |
               +--------+--------+--------+--------+--------+-----+--------+

Top non-repeatable levels by time:
     D:4: 1582 daAuts
     D:6: 1336 daAuts
     D:8: 1201 daAuts
     D:9: 1006 daAuts
  Bailey: 901 daAuts
     D:7: 819 daAuts
     D:5: 796 daAuts
    D:10: 572 daAuts
     D:1: 486 daAuts
     D:3: 466 daAuts
     D:2: 466 daAuts
    D:11: 2 daAuts
